Map: Mist Opportunities

Players

NamroodTuo

  • Race: Zerg Zerg

BIGBounty

  • Race: Terran Terran
  • Spawn Location: 6:00

VOD

Have the link to the VOD?

Description

Time

  • Played on: June 3, 2023, 8 a.m.
  • Length: 30:03
Show
View Real Time Build Order
Export as new Build Order

NamroodTuo Zerg 

Build Orders:  

Get SALT Encoding   

  12  0:20  Infested Barracks  
  12  0:25  Infested SCV  
  13  0:32  Infested SCV  
  13  0:39  Infested SCV  
  15  0:51  Overlord  
  15  1:05  Infested Refinery  
  15  1:12  Infested Refinery  
  15  1:19  Infested SCV  
  16  1:21  Infested SCV  
  17  1:44  Infestation Level 1  
  17  1:52  Infested SCV  
  17  1:54  Infested SCV  
  19  2:04  Infested SCV  
  20  2:19  Infested SCV  
  21  2:20  Infested SCV  
  21  2:25  Infested SCV  
  23  2:30  Infested Barracks Tech Lab  
  23  2:43  Overlord  
  23  2:54  Infested Engineering Bay  
  23  3:11  Overlord  
  23  3:18  Infested SCV  
  24  3:27  Retinal Augmentation  
  24  3:34  Unknown  
  24  3:35  Infested SCV  
  25  3:44  Anaerobic Enhancement  
  25  4:21  Infested Marine  
  25  4:22  Infested Marine x3  
  25  4:26  Infested SCV  
  25  4:27  Infested SCV  
  31  4:33  Infested SCV  
  32  4:44  Infestation Level 2  
  32  5:30  Overlord, Infested SCV  
  32  5:38  Infested Command Center  
  33  5:41  Stukov Infantry Weapons Level 1  
  33  5:46  Plagued Munitions  
  33  5:57  Infested Factory  
  33  6:03  Overlord  
  29  6:44  Broodling Gestation  
  29  7:03  Infested Armory  
  29  7:20  Infested SCV x3  
  32  7:41  Infested SCV  
  32  7:48  Overlord  
  33  7:57  Infested Bunker  
  37  8:14  Infestation Level 3  
  37  8:21  Stukov Infantry Armor Level 1  
  37  8:43  Infested Bunker  
  41  9:44  Infested SCV x3  
  41  9:45  Aggressive Incubation, Infested SCV  
  41  9:48  Infested Bunker  
  49  10:49  Infested Marine x4  
  53  10:50  Infested Marine x16  
  69  11:01  Regenerative Plating  
  69  11:06  Infested SCV x3  
  69  11:07  Infested SCV x2  
  74  11:13  Infested Bunker  
  78  11:26  Infested Refinery  
  78  11:30  Infested Refinery  
  78  11:32  Overlord  
  78  11:33  Overlord x4  
  78  11:34  Overlord  
  78  12:01  Calcified Armor  
  78  12:07  Infested Bunker  
  85  12:27  Infested Bunker  
  85  12:38  Infested Marine  
  85  12:39  Infested Marine x6  
  77  12:54  Infested Bunker  
  77  13:01  Stukov Infantry Weapons Level 2  
  77  13:25  Overlord x2  
  77  13:26  Infested SCV x3  
  80  13:37  Overseer x4  
  80  13:38  Overseer  
  79  13:59  Infested Marine x3  
  82  14:00  Infested Marine x7  
  88  14:14  Infested Bunker  
  77  16:09  Infested Marine  
  78  16:10  Infested Marine x6  
  78  16:11  Stukov Infantry Armor Level 2  
  88  16:26  Infested Marine x6  
  88  16:27  Infested Marine x10  
  99  16:32  Infested Marine  
  100  16:48  Infested Diamondback x2  
  106  16:55  Stukov Vehicle and Ship Weapons Level 1  
  106  16:56  Infested Factory, Infested Factory Tech Lab  
  106  17:07  Infested Bunker  
  103  18:25  Infested Marine  
  103  18:26  Infested Marine x6  
  103  18:27  Infested Marine x13  
  106  18:42  Infested Diamondback x3  
  106  18:43  Infested Diamondback x2  
  121  19:21  Stukov Infantry Weapons Level 3  
  118  19:35  Stukov Vehicle and Ship Armor Level 1  
  118  19:51  Infested Diamondback x3  
  118  19:54  Overlord x3  
  118  19:55  Overlord x3  
  98  20:32  Infested Diamondback x2  
  104  20:43  Infested Diamondback  
  111  20:57  Infested Bunker  
  111  20:58  Infested Bunker  
  123  21:12  Infested Marine x2  
  123  21:13  Infested Marine x12  
  123  21:14  Infested Marine x2  
  123  21:16  Overlord x3  
  123  21:17  Overlord x3  
  139  21:20  Infested SCV x3  
  139  21:21  Infested SCV  
  139  21:28  Infested Diamondback x2  
  131  21:47  Infested Marine x3  
  131  21:48  Infested Marine x8  
  142  21:50  Infested Bunker  
  142  21:51  Infested Bunker  
  142  21:52  Infested Marine  
  142  22:19  Stukov Vehicle and Ship Armor Level 2  
  142  22:23  Saturated Cultures  
  142  22:26  Infested Diamondback  
  145  23:01  Stukov Infantry Armor Level 3  
  138  23:22  Infested Bunker  
  138  23:23  Caustic Mucus  
  142  23:30  Infested Bunker  
  142  23:47  Infested Diamondback x2  
  136  24:02  Overseer  
  136  24:03  Overseer x3  
  136  24:15  Infested Bunker  
  136  24:42  Infested Diamondback x3  
  136  24:43  Infested Diamondback  
  148  25:04  Infested Diamondback x2  
  154  25:28  Stukov Vehicle and Ship Weapons Level 2  
  154  26:38  Infested Marine  
  154  26:39  Infested Marine x17  
  172  26:40  Infested Marine x2  
  172  26:47  Infested Bunker  
  178  26:51  Infested Diamondback x2  
  178  26:52  Infested Diamondback x3  
  156  28:44  Infested Diamondback x3  
  165  28:55  Infested Marine x2  
  165  28:56  Infested Marine x18  
Show
View Real Time Build Order
Export as new Build Order

BIGBounty Terran 

Build Orders:  

Get SALT Encoding   

  12  0:03  SCV  
  13  0:20  SCV  
  14  0:33  Supply Depot  
  14  0:37  SCV  
  15  0:47  Refinery  
  15  0:54  SCV  
  16  1:09  Barracks  
  16  1:11  SCV  
  17  1:28  SCV  
  18  1:44  Barracks Tech Lab  
  18  1:45  SCV  
  19  1:50  Refinery  
  19  1:58  Supply Depot  
  19  2:02  SCV  
  20  2:15  Marine  
  20  2:19  SCV  
  22  2:25  Marine  
  23  2:35  Marine  
  23  2:36  SCV  
  25  2:51  Stabilizer Medpacks  
  25  2:52  SCV  
  25  2:53  Marine  
  27  3:07  Supply Depot  
  27  3:09  SCV  
  28  3:12  Medic  
  30  3:22  Medic  
  30  3:26  SCV  
  33  3:32  Marine  
  34  3:42  Marine  
  34  3:43  SCV  
  36  3:52  Marine  
  37  4:03  Marine  
  38  4:25  Barracks  
  38  4:27  Supply Depot  
  38  4:29  Marine  
  38  4:39  Marine  
  40  5:01  Medic  
  40  5:05  Barracks Tech Lab  
  42  5:11  Medic  
  44  5:32  Barracks x2  
  44  5:37  Supply Depot  
  44  5:40  Marauder, Supply Depot  
  44  5:41  Marauder  
  48  5:57  Marauder x2  
  52  6:43  Command Center  
  52  6:50  SCV  
  52  6:56  Barracks Tech Lab  
  52  6:59  Barracks Tech Lab  
  53  7:07  SCV  
  54  7:22  Marine  
  54  7:23  Marine x2  
  54  7:24  Marine, SCV  
  59  7:41  SCV, Engineering Bay  
  59  7:42  Engineering Bay  
  60  7:58  SCV, Factory  
  61  8:10  Medic  
  63  8:20  Medic x3  
  69  8:34  Marine  
  69  8:35  Marine x3  
  70  9:20  Unknown  
  70  9:24  SCV  
  70  9:25  SCV  
  72  9:30  Refinery  
  72  9:32  Refinery  
  72  9:41  SCV  
  72  9:42  SCV  
  74  9:52  Terran Infantry Weapons Level 1, Terran Infantry Armor Level 1  
  74  9:58  SCV  
  74  9:59  SCV  
  76  10:11  Incinerator Gauntlets, Juggernaut Plating, Concussive Shells, Armory  
  76  10:15  SCV  
  76  10:16  SCV  
  78  10:58  Marauder x3, Supply Depot  
  78  10:59  Marauder, Supply Depot  
  78  11:00  Supply Depot  
  78  11:01  SCV x2  
  78  11:05  Supply Depot  
  88  11:10  Unknown  
  88  11:11  Unknown  
  88  11:27  Medic  
  88  11:28  Medic x3  
  96  11:40  SCV x2  
  98  11:57  SCV x2  
  100  12:02  Supply Depot  
  100  12:05  Supply Depot  
  100  12:06  Supply Depot  
  100  12:08  Marauder  
  100  12:09  Marauder x3  
  100  12:14  SCV x2  
  110  12:31  SCV  
  110  12:32  Unknown  
  111  12:41  Supply Depot  
  111  12:44  Supply Depot  
  111  12:45  Supply Depot  
  111  12:46  Supply Depot  
  111  12:47  Supply Depot  
  111  12:50  Supply Depot  
  111  12:55  Marine  
  111  12:56  Marine x3  
  114  13:05  Marine  
  114  13:06  Marine x3  
  117  13:22  Marine x2  
  117  13:23  Marine x2  
  120  13:32  Marine  
  120  13:33  Marine x3  
  120  13:37  Orbital Command  
  124  13:41  Orbital Command  
  124  13:42  Marine  
  124  13:43  Marine x3  
  128  14:25  Firebat x4  
  136  14:37  Firebat x2  
  136  14:38  Firebat x2  
  144  14:53  Terran Infantry Weapons Level 2  
  144  14:54  Supply Depot, Terran Infantry Armor Level 2  
  144  14:55  Supply Depot  
  144  14:57  Supply Depot  
  139  15:35  Marine  
  139  15:36  Marine x3  
  143  15:45  Marine  
  143  15:46  Marine x3  
  147  15:56  Marine x4  
  151  16:06  Marine  
  151  16:07  Marine x3  
  154  16:16  Marine  
  154  16:17  Marine x2  
  153  17:04  Marine x4  
  157  17:14  Marine  
  157  17:15  Marine x3  
  160  17:24  Marine  
  160  17:25  Marine x3  
  162  17:34  Marine  
  162  17:35  Marine x3  
  166  17:44  Marine  
  166  17:45  Marine x3  
  168  17:55  Marine x4  
  172  18:04  Unknown  
  172  18:05  Marine x3  
  172  18:06  Marine  
  176  18:15  Medic  
  176  18:16  Medic x3  
  184  18:24  Terran Infantry Weapons Level 3  
  184  18:25  Terran Infantry Armor Level 3  
  184  18:26  Marauder x4  
  178  19:38  Marine  
  178  19:39  Marine x3  
  178  19:48  Marine  
  178  19:49  Marine x3  
  186  20:25  Starport  
  186  20:29  Starport  
  185  20:53  Terran Vehicle and Ship Weapons Level 1  
  184  21:25  Starport Tech Lab  
  184  21:53  Viking  
  184  21:54  Viking  
  188  22:03  Phobos Weapons System  
  188  22:05  Unknown  
  188  22:12  Viking x2  
  192  22:30  Viking  
  192  22:31  Viking  
  196  22:49  Viking  
  196  22:50  Viking  
  200  23:33  Advanced Optics  
  200  23:43  Armory  
  200  25:22  Terran Vehicle and Ship Weapons Level 2  
  200  25:33  Terran Vehicle And Ship Armor Level 1  
  198  27:21  Marine  
  185  28:27  Starport Tech Lab  
  185  28:28  Viking  
  185  28:29  Viking  
  184  28:47  Viking  
  184  28:48  Viking  
  186  29:06  Viking x2  
  186  29:24  Viking  
  186  29:25  Viking  
Tags
 
Add a new tag
Caveats
  • Supply blocks, unpowered buildings, or Contaminate may cause inaccurate times.
  • Supply counts are checked every 10 seconds.